 Dungeon Crawl Stone Soup version 0.28-a0-863-g8cecda6153 (webtiles) character file.

Game seed: 9743601899963108692

1849453 wakim the Cloud Mage (level 27, 246/246 HPs)
             Began as a Yellow Draconian Conjurer on Nov 15, 2021.
             Was the Champion of Vehumet.
             Escaped with the Orb
             ... and 4 runes on Nov 16, 2021!
             The game lasted 06:47:23 (114092 turns).

wakim the Cloud Mage (Yellow Draconian Conjurer)  Turns: 114092, Time: 06:47:23

Health: 246/246    AC: 23    Str: 13    XL:     27
Magic:  27/48      EV: 16    Int: 31    God:    Vehumet [******]
Gold:   7899       SH: 14    Dex:  8    Spells: 17/69 levels left

rFire   + . .      SeeInvis +   a - +10 morningstar of Prudence {flame, rElec rN+++ Int-3 SInv}
rCold   . . .      Faith    .   r - +2 kite shield {rPois}
rNeg    + + +      Spirit   .   (armour unavailable)
rPois   +          Reflect  .   k - +0 hat of the Nexus {rPois rC+ Dex-5 Stlth+}
rElec   +          Harm     .   g - +2 cloak {Stlth+}
rCorr   +          Rampage  .   e - +0 pair of gloves {Str+3}
Will    ++++.      Clarity  +   o - +1 pair of boots of the Mackerel {Regen+ SInv}
Stlth   +.........              f - amulet of regeneration
HPRegen 2.51/turn               n - +4 ring of protection
MPRegen 0.31/turn               d - ring of Kuddiduf {Fire rN+ Will+ Int+4 Dex+4}

@: studying Evocations
A: spit acid, AC +13, unfitting armour, acidic bite, cold-blooded, acid
resistance, horns 1, stinger 2, see invisible, clarity, strong-willed 1, weak 1,
no potion heal 1, MP-powered wands
0: Orb of Zot
}: 4/15 runes: barnacled, slimy, silver, gossamer
a: Breathe Acid, Renounce Religion


You escaped.
You worshipped Vehumet.
Vehumet was exalted by your worship.
You visited 12 branches of the dungeon, and saw 57 of its levels.
You visited Pandemonium 1 time, and saw 1 of its levels.
You visited the Abyss 4 times.
You also visited: Ossuary, Bailey, Gauntlet and Ice Cave.

You collected 11450 gold pieces.
You spent 3551 gold pieces at shops.

Inventory:

Hand Weapons
 a - the +10 morningstar of Prudence (weapon) {flame, rElec rN+++ Int-3 SInv}
   (You took it off a spriggan berserker on level 2 of the Depths)

   It burns those it strikes, dealing additional fire damage.
   Int:       It affects your intelligence (-3).
   rElec:     It insulates you from electricity.
   rN:        It renders you almost immune to negative energy.
   SInv:      It lets you see invisible.
 b - the +6 long sword of the Extremes {protect, Fly rN+}
   (You found it on level 3 of the Elven Halls)

   It grants its wielder temporary protection when it strikes (+7 to AC).
   rN:        It protects you from negative energy.
   Fly:       It grants you flight.
Missiles
 p - 11 throwing nets {=f!f}
Armour
 e - a +0 pair of gloves of strength (worn)
 g - a +2 cloak of stealth (worn)
 k - the +0 hat of the Nexus (worn) {rPois rC+ Dex-5 Stlth+}
   (You found it in a Gauntlet)

   Dex:       It affects your dexterity (-5).
   rC:        It protects you from cold.
   rPois:     It protects you from poison.
   Stlth:     It makes you more stealthy.
 o - the +1 pair of boots of the Mackerel (worn) {Regen+ SInv}
   (You bought it in a shop on level 2 of the Orcish Mines)

   SInv:      It lets you see invisible.
   Regen:     It increases your rate of health regeneration.
 r - a +2 kite shield of poison resistance (worn)
 s - the +0 hat of the Beggar {rF+ rN+}
   (You acquired it on level 11 of the Dungeon)

   rF:        It protects you from fire.
   rN:        It protects you from negative energy.
Jewellery
 d - the ring of Kuddiduf (right hand) {Fire rN+ Will+ Int+4 Dex+4}
   (You found it on level 15 of the Dungeon)

   [ring of fire]

   It enhances your fire magic.
   Int:       It affects your intelligence (+4).
   Dex:       It affects your dexterity (+4).
   rF:        It protects you from fire.
   rC:        It makes you vulnerable to cold.
   rN:        It protects you from negative energy.
   Will:      It increases your willpower.
 f - an amulet of regeneration (around neck)
 j - a ring of protection from fire
 n - a +4 ring of protection (left hand)
 q - a +4 ring of evasion
 B - a ring of wizardry
 C - the ring of Herie {+Blink rElec rF- rN+ Int+4}
   (You found it on level 3 of the Crypt)

   [ring of positive energy]

   Int:       It affects your intelligence (+4).
   rF:        It makes you vulnerable to fire.
   rElec:     It insulates you from electricity.
   rN:        It protects you from negative energy.
   +Blink:    It lets you blink.
 V - the ring of Qiboc {rC++ Dex+4 SInv}
   (You found it on level 3 of the Crypt)

   [ring of see invisible]

   Dex:       It affects your dexterity (+4).
   rC:        It greatly protects you from cold.
   SInv:      It lets you see invisible.
Wands
 c - a wand of polymorph (49)
 t - a wand of digging (5)
 u - a wand of mindburst (9)
 w - a wand of acid (59)
 y - a wand of paralysis (42)
 P - a wand of iceblast (44)
Scrolls
 h - 2 scrolls of amnesia
 l - 9 scrolls of enchant armour
 Q - 8 scrolls of immolation {!r!r}
 R - 10 scrolls of magic mapping {!r}
 S - 4 scrolls of summoning
 T - 14 scrolls of teleportation
 U - 6 scrolls of fear
 W - 5 scrolls of holy word
 X - 13 scrolls of fog
 Y - 5 scrolls of blinking {!r}
 Z - 4 scrolls of silence {!r}
Potions
 A - 9 potions of ambrosia
 D - 11 potions of brilliance
 E - 3 potions of cancellation
 F - 27 potions of curing
 G - 9 potions of flight
 H - 8 potions of haste
 I - 7 potions of invisibility
 J - 10 potions of heal wounds
 K - 4 potions of magic
 L - 9 potions of lignification {!q}
 M - 2 potions of mutation {!q}
 N - 7 potions of might
 O - 3 potions of resistance
Miscellaneous
 i - a condenser vane
 m - a phantom mirror
 v - a lightning rod (4/4)
 z - a box of beasts


   Skills:
 - Level 20.0 Fighting
 + Level 14.1 Maces & Flails
 - Level 15.0 Dodging
 - Level 1.7 Stealth
 - Level 15.0 Shields
 + Level 21.5 Spellcasting
 + Level 21.3 Conjurations
 - Level 6.0 Hexes
 - Level 12.0 Translocations
 - Level 19.0 Fire Magic
 - Level 6.0 Ice Magic
 + Level 22.8 Air Magic
 - Level 8.0 Evocations


You had 17 spell levels left.
You knew the following spells:

 Your Spells              Type           Power      Damage    Failure   Level
a - Ignition              Fire           61%        3d17      1%          8
b - Fireball              Conj/Fire      63%        3d24      0%          5
c - Dispersal             Tloc           41%        N/A       1%          6
d - Freezing Cloud        Conj/Ice/Air   47%        6-21      1%          5
e - Maxwell's Capacitive  Air            54%        ∞         1%          8
f - Chain Lightning       Conj/Air       53%        3d71      3%          9
s - Searing Ray           Conj           100%       2d8       0%          2
B - Blink                 Tloc           100%       N/A       0%          2
Z - Orb of Destruction    Conj           52%        9d16      1%          7

Your spell library contained the following spells:

 Spells                   Type           Power      Damage    Failure   Level
 Lehudib's Crystal Spear  Conj/Erth      39%        10d10     21%         8
 Apportation              Tloc           100%       N/A       0%          1
 Magic Dart               Conj           100%       1d8       0%          1
 Corpse Rot               Necr/Air       100%       N/A       0%          2
 Poisonous Vapours        Pois/Air       100%       N/A       0%          2
 Dazzling Flash           Conj/Hex       100%       N/A       0%          3
 Inner Flame              Hex/Fire       100%       N/A       0%          3
 Airstrike                Air            54%        N/A       0%          4
 Iskenderun's Mystic Bla  Conj/Tloc      95%        2d18      0%          4
 Iskenderun's Battlesphe  Conj           100%       2d15      0%          5
 Lightning Bolt           Conj/Air       53%        1d75      0%          5
 Conjure Ball Lightning   Conj/Air       53%        3x3d18    0%          6
 Animate Skeleton         Necr           66%        N/A       1%          1
 Freeze                   Ice            100%       1d11      1%          1
 Pain                     Necr           100%       1d9       1%          1
 Sting                    Tmut/Pois      100%       1d8       1%          1
 Summon Small Mammal      Summ           100%       N/A       1%          1
 Passwall                 Tmut/Erth      27%        N/A       1%          2
 Sublimation of Blood     Necr           33%        N/A       1%          2
 Frozen Ramparts          Ice            100%       1d12      1%          3
 Gell's Gravitas          Tloc           82%        N/A       1%          3
 Lesser Beckoning         Tloc           82%        N/A       1%          3
 Ozocubu's Armour         Ice            63%        N/A       1%          3
 Portal Projectile        Hex/Tloc       100%       N/A       1%          3
 Stone Arrow              Conj/Erth      100%       3d13      1%          3
 Summon Guardian Golem    Hex/Summ       51%        N/A       1%          3
 Teleport Other           Tloc           82%        N/A       1%          3
 Cause Fear               Hex            31%        N/A       1%          4
 Fulminant Prism          Conj/Hex       43%        3d20      1%          4
 Hailstorm                Conj/Ice       87%        3d17      1%          4
 Passage of Golubria      Tloc           82%        N/A       1%          4
 Summon Lightning Spire   Summ/Air       81%        N/A       1%          4
 Irradiate                Conj/Tmut      39%        3d26      1%          5
 Manifold Assault         Tloc           82%        N/A       1%          5
 Silence                  Hex/Air        44%        N/A       1%          5
 Iron Shot                Conj/Erth      39%        9d8       1%          6
 Starburst                Conj/Fire      63%        6d17      1%          6
 Metabolic Englaciation   Hex/Ice        31%        N/A       2%          5
 Summon Forest            Summ/Tloc      31%        N/A       2%          5
 Spider Form              Tmut/Pois      33%        N/A       3%          3
 Spellforged Servitor     Conj/Summ      39%        N/A       3%          7
 Storm Form               Tmut/Air       40%        N/A       8%          7
 Animate Dead             Necr           16%        N/A       10%         4
 Dispel Undead            Necr           33%        3d14      10%         4
 Petrify                  Tmut/Erth      33%        N/A       10%         4
 Ozocubu's Refrigeration  Ice            31%        4d11      19%         7
 Agony                    Necr           33%        N/A       28%         5
 Alistair's Intoxication  Tmut/Pois      22%        N/A       28%         5
 Blade Hands              Tmut           16%        N/A       28%         5
 Borgnjor's Vile Clutch   Necr/Erth      16%        N/A       28%         5
 Excruciating Wounds      Necr           16%        N/A       28%         5
 Eringya's Noxious Bog    Tmut/Pois      16%        N/A       36%         6
 Simulacrum               Ice/Necr       25%        N/A       41%         6
 Disjunction              Tloc           41%        N/A       43%         8
 Death Channel            Necr           16%        N/A       83%         6
 Statue Form              Tmut/Erth      22%        N/A       83%         6
 Discord                  Hex            31%        N/A       99%         8
 Dragon Form              Tmut           16%        N/A       100%        7
 Haunt                    Necr/Summ      16%        N/A       100%        7
 Borgnjor's Revivificati  Necr           16%        N/A       100%        8
 Death's Door             Necr           16%        N/A       100%        9
 Polar Vortex             Ice            31%        N/A       100%        9
 Animate Armour           Summ/Erth      Unusable   N/A       N/A         4

Dungeon Overview and Level Annotations

Branches:
Dungeon (15/15)            Temple (1/1) D:5            Lair (6/6) D:8
 Shoals (4/4) Lair:3       Spider (4/4) Lair:4        Slime (5/5) Lair:6
    Orc (2/2) D:9             Elf (3/3) Orc:2        Vaults (5/5) D:13
  Crypt (3/3) Vaults:2       Tomb (0/3) Crypt:3      Depths (4/4) D:15
    Zot (5/5) Depths:4    Ossuary (visited)          Bailey (visited)
  IceCv (visited)         Gauntlet (visited)

Altars:
Ashenzari
Cheibriados
Dithmenos
Elyvilon
Fedhas
Gozag
Hepliaklqana
Kikubaaqudgha
Makhleb
Nemelex Xobeh
Okawaru
Qazlal
Ru
Sif Muna
Trog
Uskayaw
Vehumet
Wu Jian
Xom
Yredelemnul
Zin
The Shining One
Beogh
Jiyva

Shops:
D:3 *   D:10 *   D:11 ?   D:13 !   Orc:2 ([*!   Shoals:1 (   Shoals:3 =
Vaults:1 :   Vaults:2 ?   Vaults:5 ??!![[:   Depths:3 (

Portals:
Hell: Depths:1 Depths:2 Depths:3 Depths:4
Abyss: Depths:3
Pandemonium: Depths:2 Depths:4
Ziggurat: Depths:2


Innate Abilities, Weirdness & Mutations

You can spit globs of acid.
Your golden yellow scales are hard. (AC +13)
You cannot fit into any form of body armour.
You have acidic saliva.
You are cold-blooded and may be slowed by cold attacks.
You are resistant to acid. (rCorr)
You have a pair of small horns on your head.
Your tail ends in a sharp venomous barb.
You have supernaturally acute eyesight. (SInv)
You possess an exceptional clarity of mind.
You are strong-willed. (Will+)
You are weak. (Str -2)
Potions are less effective at restoring your health.
You expend magic power (3 MP) to strengthen your wands.


Message History

Confirm with . or Enter, or press ? or * to list all spells.
Casting: Maxwell's Capacitive Coupling (mildly dangerous; 1% risk of failure)
Press: ? - help, Dir - look around, f - activate You begin accumulating electric charge. (Press . to continue charging.)
You feel charge building up...
Luahuel bursts into living lightning!
The living lightning hits you. You resist.
Luahuel blinks!
You feel charge building up...
Luahuel headbutts you but does no damage.
You feel charge building up...
Luahuel headbutts you but does no damage.
Luahuel closely misses you.
The electricity discharges through Luahuel!
Luahuel vaporises in an electric haze!
You kill Luahuel!
Vehumet accepts your kill.
You feel your power returning.
(D) Dungeon (T) Temple (L) Lair (A) Shoals (N) Spider Nest (M) Slime Pits (O) Orcish Mines (E) Elven Halls (V) Vaults (C) Crypt (W) Tomb (U) Depths (H) Hell (Z) Zot
Where to? (Enter - D:1 @ (x,y), ? - help)
An Orb Guardian comes into view.
There is a staircase leading out of the dungeon here.
Casting: Maxwell's Capacitive Coupling (mildly dangerous; 1% risk of failure)
Confirm with . or Enter, or press ? or * to list all spells.
Casting: Maxwell's Capacitive Coupling (mildly dangerous; 1% risk of failure)
Press: ? - help, Dir - look around, f - activate You begin accumulating electric charge. (Press . to continue charging.)
You feel charge building up...
You feel charge building up...
You feel charge building up...
The electricity discharges through the Orb Guardian!
The Orb Guardian vaporises in an electric haze!
You kill the Orb Guardian!
Vehumet accepts your kill.
You feel your power returning.
You have escaped!

#.# ##...._#......# ##..##...##
#.# #.÷....#......# #..##...#≈
#.# #8....÷#......# ##.##...#≈
#.# #......######## #......#≈ #.#
#8.....# ###########..#...#≈ #.#
#......# #.........#..#...#≈ #.#
#8.....####.........#..#...+#
#.###.8....#............#..######
#.#........##...@.......#..## #
#.#.........#.#....8....#.(.# #
#.#.........#.#.....♣...#...# #
.........#....#.........#...## #
#.##.#........#.........#....# #
#.#...........#.........#..#.## #
#.##.#........###########..#..# #
#.##..........# #..##.##
#.#######.....# #..##..#


There were no monsters in sight!

Vanquished Creatures
  the Royal Jelly (Slime:5)
  A seraph (Depths:3)
  6 dread liches
  6 ancient liches
  Mara (Depths:3)
  10 orbs of fire
  Mennas (Vaults:3)
  2 juggernauts
  Sojobo (Depths:1)
  Boris (twice) (Depths:3 Crypt:1)
  The ghost of bmj180 the Eclecticist, a veteran DrCj of Vehumet (Crypt:1)
  Bai Suzhen (Vaults:4)
  Margery (Vaults:3)
  3 Killer Klowns (Zot:5)
  4 pandemonium lords
  Xtahua (Vaults:3)
  8 curse toes
  A profane servitor (D:1)
  16 golden dragons
  Nikola (Spider:2)
  6 bone dragons
  4 electric golems
  Jorgrun (Shoals:2)
  A Brimstone Fiend (D:8)
  13 tentacled monstrosities
  A Tzitzimitl (D:8)
  A shard shrike zombie (Crypt:2)
  27 Orb Guardians
  A Hell Sentinel (Abyss:2)
  Rupert (D:12)
  Asterion (Vaults:1)
  A deep elf blademaster (Elf:2)
  6 titans
  8 quicksilver dragons
  6 liches
  5 tentacled starspawn
  8 ancient champions
  19 acid blobs
  A kraken (Shoals:1)
  2 deep elf master archers (Elf:3)
  12 tengu reavers
  9 death cobs
  Polyphemus (Shoals:2)
  10 sphinxes
  21 storm dragons
  Kirke (Lair:4)
  12 shadow dragons
  Roxanne (Shoals:3)
  The ghost of Ulouff the Fighter, an adept DsVM of Vehumet (Spider:4)
  6 draconian monks
  6 draconian knights
  A demonspawn warmonger (Pan)
  A revenant (Crypt:1)
  Ilsuiw (Shoals:2)
  16 azure jellies
  16 rockslimes
  An iron dragon (Depths:2)
  Donald (Vaults:3)
  11 fire giants
  2 cacodemons
  6 frost giants
  8 ghost moths
  3 deep elf sorcerers (Elf:3)
  An orc warlord (Vaults:1)
  2 balrugs
  3 deep elf elementalists
  10 draconian scorchers
  3 reapers
  13 vault wardens
  3 emperor scorpions
  4 angels
  12 ironbound preservers
  5 draconian stormcallers
  7 draconian shifters
  17 ghouls
  5 draconian annihilators
  2 ophanim (Abyss:1)
  A demonspawn corrupter (Pan)
  18 quicksilver oozes
  27 very ugly things
  18 stone giants
  4 war gargoyles
  2 grey draconians (Depths:4)
  A juggernaut skeleton (Crypt:3)
  14 black draconians
  10 vampire knights
  12 red draconians
  12 green draconians
  4 deep elf demonologists
  4 entropy weavers
  A minotaur (Gauntlet)
  11 deep elf annihilators
  15 spark wasps
  12 purple draconians
  3 lorocyprocas
  9 white draconians
  8 dire elephants
  5 merfolk javelineers (Shoals:4)
  7 yellow draconians
  9 ettins
  7 merfolk impalers
  2 blizzard demons
  A green death (Pan)
  20 yaktaur captains
  A quicksilver dragon zombie (Crypt:1)
  3 eidola (Crypt:3)
  8 deep elf death magi
  10 fire dragons
  12 jiangshi
  A crystal guardian (Vaults:4)
  11 hydras
  14 great orbs of eyes
  10 deep elf high priests
  4 rakshasas
  31 vault guards
  2 ogre magi (D:15)
  A hell beast (Depths:1)
  9 ironbound thunderhulks
  7 spriggan air magi
  2 merfolk aquamancers
  4 peacekeepers
  5 catoblepae
  A caustic shrike simulacrum (Crypt:2)
  11 ice dragons
  4 death knights
  6 boulder beetles
  17 centaur warriors
  2 merfolk avatars (Shoals:4)
  7 ironbound frosthearts
  An alligator snapping turtle (Shoals:4)
  A satyr (Shoals:3)
  7 death yaks
  18 tengu warriors
  6 deep troll shamans
  9 two-headed ogres
  8 vampire magi
  7 deep troll earth magi
  A titan zombie (Crypt:2)
  3 hell hogs
  29 dancing weapons
  10 sun demons
  10 hell knights
  5 thrashing horrors
  3 orc high priests
  17 spriggan berserkers
  12 soul eaters
  16 deep elf knights
  5 spriggans
  A titan skeleton (Crypt:3)
  7 wretched stars
  4 shadow wraiths
  20 skeletal warriors
  A bunyip zombie (Crypt:3)
  4 quicksilver dragon simulacra
  A death drake (shapeshifter) (Elf:3)
  2 death drakes (Zot:2)
  9 sixfirhies
  43 deep trolls
  21 iron trolls
  4 flayed ghosts
  2 spatial maelstroms
  12 wizards
  A swamp dragon (Lair:6)
  8 sea snakes
  8 starcursed masses
  4 glowing orange brains
  2 shadow demons
  A glowing orange brain (shapeshifter) (D:14)
  A shadow dragon zombie (Zot:2)
  A golden dragon skeleton (Crypt:1)
  18 deep elf archers
  An orange crystal statue (Depths:4)
  32 deep elf pyromancers
  18 phantasmal warriors
  6 bog bodies
  A mana viper (Abyss:2)
  5 lindwurms
  7 orc knights
  7 orc sorcerers
  29 deep elf zephyrmancers
  15 necromancers
  22 orb spiders
  18 ironbound convokers
  8 fauns
  A goliath frog zombie (Crypt:3)
  12 harpies
  34 moths of wrath
  137 slime creatures
  39 wolf spiders
  12 shining eyes
  A frost giant zombie (Crypt:1)
  A salamander (D:15)
  A stone giant zombie (Depths:1)
  A manticore (shapeshifter) (Vaults:5)
  A worldbinder (Abyss:3)
  21 manticores
  An eleionoma zombie (Crypt:3)
  15 vault sentinels
  46 ugly things
  A will-o-the-wisp (Abyss:2)
  2 dire elephant zombies
  3 cyclopes
  13 apocalypse crabs
  A goliath frog skeleton (Crypt:1)
  3 ice statues
  4 rust devils
  3 spriggan zombies
  5 elephants (Lair:2)
  11 black mambas
  A guardian serpent (Lair:6)
  11 merfolk sirens
  5 orange demons
  5 water nymphs
  9 smoke demons
  5 eyes of devastation
  A titan simulacrum (Crypt:2)
  A cane toad (shapeshifter) (D:14)
  A torpor snail (Lair:1)
  15 cane toads
  2 gargoyles
  2 unseen horrors
  A minotaur zombie (Crypt:2)
  2 spriggan skeletons
  The ghost of casual the Ducker, a novice OpTm of Cheibriados (D:5)
  4 rime drakes
  3 hellwings
  An entropy weaver simulacrum (IceCv)
  11 demonic crawlers
  An efreet (D:15)
  4 ancient zymes
  42 yaktaurs
  3 tormentors (Pan)
  4 freezing wraiths
  10 komodo dragons
  11 ice devils
  A red draconian skeleton (Crypt:1)
  A death yak skeleton (Crypt:1)
  A harpy zombie (Crypt:3)
  4 wind drakes
  3 polar bears
  6 tengu conjurers
  14 hornets
  8 trolls
  A hornet (shapeshifter) (Elf:1)
  Grinder (D:4)
  30 merfolk
  35 jumping spiders
  6 blink frogs
  An ettin zombie (Crypt:1)
  2 harpy skeletons (Crypt:3)
  A guardian serpent zombie (Crypt:2)
  A stone giant simulacrum (Crypt:2)
  13 dream sheep
  12 raiju
  A fire giant simulacrum (Depths:1)
  4 centaur simulacra
  An air elemental (Elf:1)
  13 snapping turtles
  Sigmund (D:3)
  56 redbacks
  21 flying skulls
  29 tarantellas
  4 ynoxinuls
  14 wyverns
  6 water elementals
  A wyvern (shapeshifter) (D:13)
  A shadow (Abyss:1)
  An alligator skeleton (Crypt:2)
  17 humans (D:13)
  49 yaks
  A spriggan (shapeshifter) (D:14)
  2 dire elephant simulacra
  11 wraiths
  A hog (shapeshifter) (D:13)
  A black mamba skeleton (Crypt:1)
  A golden eye (shapeshifter) (Vaults:5)
  A fire elemental (Elf:2)
  8 chaos spawn
  4 golden eyes (Abyss:2)
  3 hogs (Lair:4)
  5 steam dragons
  11 vampire mosquitoes
  A deep troll zombie (Crypt:3)
  A human simulacrum (Vaults:3)
  4 neqoxecs
  7 spatial vortices
  7 wargs
  6 acid dragons
  14 large abominations
  18 water moccasins
  Duvessa (D:4)
  7 hell hounds
  A swamp drake (Lair:6)
  2 floating eyes (shapeshifter)
  3 sky beasts
  40 orc warriors
  An ice dragon simulacrum (Crypt:1)
  4 black bears
  An ice beast (D:6)
  7 necrophages
  4 ettin simulacra (Depths:2)
  46 wolves
  13 ogres
  A boggart (Elf:1)
  21 centaurs
  A phantom (D:5)
  8 small abominations
  An elf simulacrum (Vaults:4)
  A kobold brigand (D:6)
  3 bullfrogs
  A cane toad simulacrum (IceCv)
  A scorpion (D:5)
  5 earth elementals
  2 human skeletons (Vaults:3)
  3 gnoll sergeants
  2 two-headed ogre simulacra (IceCv)
  A glowing shapeshifter simulacrum (Vaults:3)
  A draconian skeleton (Crypt:2)
  3 water moccasin zombies
  An elf skeleton (Crypt:1)
  A wyvern skeleton (Crypt:2)
  A hornet simulacrum (Gauntlet)
  Dowan (D:4)
  A shapeshifter zombie (Crypt:3)
  A troll zombie (Crypt:3)
  A warg skeleton (Crypt:3)
  A water moccasin skeleton (D:4)
  5 wights (D:8)
  16 killer bees
  7 howler monkeys
  2 electric eels
  A wolf zombie (Crypt:2)
  3 crimson imps
  10 centaur zombies
  4 quasits
  2 bullfrog zombies
  4 centaur skeletons
  A gnoll shaman (D:5)
  14 orc priests
  A hound (D:6)
  7 jellies
  6 iguanas
  25 orc wizards
  3 spriggan simulacra
  4 hell rats (Lair:3)
  2 polar bear simulacra (IceCv)
  2 troll simulacra (IceCv)
  2 wolf simulacra (IceCv)
  2 killer bee zombies
  An acid dragon skeleton (Crypt:3)
  A dwarf skeleton (Crypt:2)
  5 mummies (Ossuary)
  A howler monkey zombie (D:8)
  21 gnolls
  A howler monkey skeleton (Crypt:1)
  11 adders
  4 naga simulacra
  A swamp drake skeleton (Crypt:1)
  2 shadow imps (D:7)
  7 white imps
  8 ufetubi
  An adder zombie (Crypt:3)
  2 adder skeletons (D:4)
  3 dart slugs
  90 orcs
  8 ball pythons
  10 endoplasms
  4 giant cockroaches
  14 goblins
  12 hobgoblins
  33 kobolds
  2 quokkas
  2 bats
  A frilled lizard (D:2)
  2 hobgoblin zombies (Ossuary)
  2 rats (D:1)
  A fulminant prism (IceCv)
  2 lurking horrors (Abyss:1)
  7 starspawn tentacles
  2 tentacles (Shoals:1)
2916 creatures vanquished.

Vanquished Creatures (others)
  An ancient lich (Abyss:3)
  A vampire knight (Crypt:1)
  An entropy weaver (Spider:3)
  A merfolk aquamancer (Shoals:4)
  A harpy (Shoals:4)
  A deep elf zephyrmancer (Elf:1)
  A komodo dragon (Lair:6)
  A yaktaur (Vaults:3)
  2 redbacks (Spider:3)
  A golden eye (shapeshifter) (Depths:2)
  A small abomination (Abyss:1)
  A wolf (Lair:1)
  3 ball lightnings (Crypt:1)
  14 demonic plants (Gauntlet)
  5 foxfires (Abyss:2)
  91 fulminant prisms
  46 fungi
  A lurking horror (Abyss:3)
  181 plants
  9 starspawn tentacles
  6 tentacles (Shoals:1)
  26 withered plants (Gauntlet)
395 creatures vanquished.

Grand Total: 3311 creatures vanquished

Notes
Turn   | Place    | Note
-------+----------+-------------------------------------------
     0 | D:1      | wakim the Draconian Conjurer began the quest for the Orb.
     0 | D:1      | Reached XP level 1. HP: 14/14 MP: 3/3
   359 | D:1      | Reached XP level 2. HP: 20/20 MP: 0/5
   386 | D:1      | Learned a level 2 spell: Searing Ray
   886 | D:1      | Found a faded altar of an unknown god.
  1534 | D:2      | Reached XP level 3. HP: 26/26 MP: 1/6
  1792 | D:2      | Reached skill level 5 in Conjurations
  2176 | D:2      | Reached XP level 4. HP: 33/33 MP: 4/8
  2606 | D:3      | Reached skill level 1 in Fighting
  2919 | D:3      | Found Osaownu's Assorted Antiques.
  2920 | D:3      | Noticed Sigmund
  3087 | D:3      | Found a shadowy altar of Dithmenos.
  3359 | D:4      | Reached XP level 5. HP: 38/40 MP: 1/9
  3607 | D:4      | Noticed Grinder
  3624 | D:5      | Entered Level 5 of the Dungeon
  3725 | D:5      | Found a staircase to the Ecumenical Temple.
  3758 | Temple   | Entered the Ecumenical Temple
  3958 | Temple   | Became a worshipper of Vehumet
  4039 | D:5      | Found a transporter.
  4160 | D:5      | Noticed a black bear
  4173 | D:5      | Killed a black bear
  4174 | D:5      | Reached XP level 6. HP: 50/50 MP: 5/11
  4224 | D:5      | Identified the amulet of Xelo Yff {Reflect +Blink rC- Str+7
                  | Dex-4 SH+5}
  4230 | D:5      | Found a transporter.
  4236 | D:5      | Identified the +8 spear "Qiuph" {venom, Fly Stlth+}
  4239 | D:5      | Identified the ring of Sycymysa {rCorr Int+2}
  4244 | D:5      | Noticed casual's ghost (novice OpTm)
  4336 | D:5      | Your scales start taking on a golden yellow colour.
  4336 | D:5      | Reached XP level 7. HP: 43/57 MP: 1/13
  4336 | D:5      | Gained mutation: You are resistant to acid. (rCorr) [Yellow
                  | Draconian growth]
  4600 | D:5      | Found a snail-covered altar of Cheibriados.
  5104 | D:4      | Noticed Duvessa
  5104 | D:4      | Noticed Dowan
  5114 | D:4      | Killed Duvessa
  5115 | D:4      | Reached XP level 8. HP: 35/67 MP: 6/15
  5119 | D:4      | Killed Dowan
  5479 | D:4      | Killed Grinder
  5480 | D:4      | Reached skill level 5 in Fighting
  5480 | D:4      | Reached skill level 5 in Spellcasting
  5564 | D:4      | Reached * piety under Vehumet
  5564 | D:4      | Offered knowledge of Foxfire by Vehumet.
  6349 | D:3      | Killed Sigmund
  6463 | D:3      | Bought a scroll labelled ETA WOUFFULO for 27 gold pieces
  6463 | D:3      | Bought a scroll labelled POEHEE OLIE for 27 gold pieces
  6463 | D:3      | Bought a scroll labelled FEODERPH PUOT for 27 gold pieces
  6757 | D:6      | Reached XP level 9. HP: 75/75 MP: 11/17
  6826 | D:6      | Found a sand-covered staircase.
  6832 | Ossuary  | Entered an ossuary
  7038 | Ossuary  | Offered knowledge of Static Discharge by Vehumet.
  7044 | Ossuary  | Learned a level 4 spell: Fulminant Prism
  7048 | Ossuary  | Reached ** piety under Vehumet
  7691 | D:7      | Reached skill level 10 in Conjurations
  7702 | D:7      | Learned a level 2 spell: Blink
  7707 | D:7      | Learned a level 4 spell: Iskenderun's Mystic Blast
  7833 | D:7      | Noticed a gargoyle
  7841 | D:7      | Killed a gargoyle
  7842 | D:7      | Reached skill level 1 in Translocations
  8727 | D:8      | Offered knowledge of Frozen Ramparts by Vehumet.
  9202 | D:8      | Noticed a death yak
  9208 | D:8      | Noticed a death yak
  9212 | D:8      | Noticed a death yak
  9233 | D:7      | Killed a death yak
  9234 | D:7      | Reached XP level 10. HP: 65/86 MP: 18/20
  9381 | D:8      | Killed a death yak
  9653 | D:8      | Found a staircase to the Lair.
  9699 | D:8      | Killed a death yak
 10847 | D:9      | Found a staircase to the Orcish Mines.
 10979 | D:9      | Noticed a two-headed ogre
 11000 | D:9      | Reached *** piety under Vehumet
 11002 | D:9      | Killed a two-headed ogre
 11550 | D:9      | Reached XP level 11. HP: 85/94 MP: 18/22
 11883 | D:9      | Found an opulent altar of Gozag.
 11884 | D:9      | Found a glowing silver altar of Zin.
 11920 | D:10     | Entered Level 10 of the Dungeon
 12331 | D:5      | Killed casual's ghost
 12332 | D:5      | Reached skill level 5 in Dodging
 12334 | D:5      | Offered knowledge of Hailstorm by Vehumet.
 12687 | D:5      | Found a stormy altar of Qazlal.
 12687 | D:5      | Found a hazy altar of Hepliaklqana.
 12799 | Lair:1   | Entered Level 1 of the Lair of Beasts
 12838 | Lair:1   | Noticed a six-headed hydra
 12844 | Lair:1   | Reached skill level 1 in Shields
 12848 | Lair:1   | Killed a six-headed hydra
 13001 | Lair:1   | Noticed a catoblepas
 13014 | Lair:1   | Reached skill level 5 in Translocations
 13100 | Lair:1   | Reached **** piety under Vehumet
 13101 | Lair:1   | Killed a catoblepas
 13200 | Lair:1   | Found a frozen archway.
 13209 | IceCv    | Entered an ice cave
 13238 | IceCv    | Offered knowledge of Lee's Rapid Deconstruction by Vehumet.
 13685 | IceCv    | Reached skill level 1 in Hexes
 14147 | IceCv    | Noticed a reaper
 14411 | Lair:1   | Reached XP level 12. HP: 106/106 MP: 18/24
 14428 | Lair:1   | Reached skill level 10 in Fighting
 14582 | Lair:1   | Reached ***** piety under Vehumet
 14582 | Lair:1   | Offered knowledge of Eringya's Noxious Bog by Vehumet.
 14975 | Lair:2   | Noticed a catoblepas
 14997 | Lair:2   | Noticed a four-headed hydra
 15007 | Lair:2   | Killed a four-headed hydra
 15086 | Lair:2   | Found a gate leading to a gauntlet.
 15115 | Lair:2   | Reached skill level 1 in Evocations
 15183 | Gauntlet | Entered a Gauntlet
 15183 | Gauntlet | Found a transporter.
 15227 | Gauntlet | Found a transporter.
 15242 | Gauntlet | Found a transporter.
 15247 | Gauntlet | Found a transporter.
 15270 | Gauntlet | Found a transporter.
 15283 | Gauntlet | Found a transporter.
 15295 | Gauntlet | Found a transporter.
 15303 | Gauntlet | Noticed a quicksilver ooze
 15307 | Gauntlet | Found a transporter.
 15319 | Gauntlet | Found a transporter.
 15331 | Gauntlet | Found a transporter.
 15337 | Gauntlet | Found a transporter.
 15337 | Gauntlet | Found a transporter.
 15376 | Gauntlet | Found a transporter.
 15384 | Gauntlet | Noticed a death scarab
 15404 | Gauntlet | Found a transporter.
 15406 | Gauntlet | Found a transporter.
 15408 | Gauntlet | Found a transporter.
 15436 | Gauntlet | Found a transporter.
 15438 | Gauntlet | Found a transporter.
 15673 | Gauntlet | Gained mutation: You sometimes lose the ability to read
                  | scrolls when taking damage. [a neqoxec]
 15722 | Gauntlet | Lost mutation: You sometimes lose the ability to read
                  | scrolls when taking damage. [potion of mutation]
 15722 | Gauntlet | Gained mutation: You are frail. (-10% HP) [potion of
                  | mutation]
 15722 | Gauntlet | Gained mutation: You have large cloven feet. [potion of
                  | mutation]
 15722 | Gauntlet | Gained mutation: Your muscles are strong. (Str +2) [potion
                  | of mutation]
 15838 | Gauntlet | Reached skill level 5 in Hexes
 15944 | Gauntlet | Identified the +0 hat of the Nexus {rPois rC+ Dex-5 Stlth+}
 15964 | Gauntlet | Noticed a minotaur
 15971 | Gauntlet | Killed a minotaur
 16059 | Lair:2   | Noticed a death yak
 16464 | Lair:1   | Killed a death yak
 16894 | Lair:2   | Killed a catoblepas
 17147 | Lair:3   | Found a staircase to the Shoals.
 17162 | Lair:3   | Reached XP level 13. HP: 99/104 MP: 20/25
 17194 | Lair:3   | Identified the +3 glaive "Qapimoa" {spect, rElec rF+++ rC-
                  | Stlth-}
 18571 | Lair:4   | Found a hole to the Spider Nest.
 19050 | Lair:5   | Noticed Kirke
 19131 | Lair:4   | Killed Kirke
 19580 | Lair:5   | You are sucked into a shaft and drop 1 floor!
 19580 | Lair:6   | Entered Level 6 of the Lair of Beasts
 19688 | Lair:6   | Reached skill level 5 in Evocations
 20927 | Lair:6   | Paralysed by a hornet for 3 turns
 21206 | Lair:6   | Gained mutation: You have acidic saliva. [Yellow Draconian
                  | growth]
 21206 | Lair:6   | Reached XP level 14. HP: 84/113 MP: 22/27
 21581 | Lair:6   | Reached skill level 10 in Spellcasting
 21725 | Lair:6   | Offered knowledge of Starburst by Vehumet.
 21836 | Lair:6   | Learned a level 6 spell: Starburst
 21878 | Lair:6   | Found a staircase to the Slime Pits.
 22538 | Lair:6   | Reached skill level 1 in Fire Magic
 23181 | Orc:1    | Entered Level 1 of the Orcish Mines
 24000 | Orc:2    | Entered Level 2 of the Orcish Mines
 24082 | Orc:2    | Found a burning altar of Makhleb.
 24435 | Orc:2    | Found a staircase to the Elven Halls.
 24889 | Orc:2    | Found Ahaigg's Assorted Antiques.
 24932 | Orc:2    | Bought a scroll labelled POEHEE OLIE for 29 gold pieces
 24932 | Orc:2    | Bought a scroll labelled ETA WOUFFULO for 29 gold pieces
 24932 | Orc:2    | Bought a scroll labelled OBINAP KUTRYOKU for 29 gold pieces
 24932 | Orc:2    | Bought a potion of lignification for 87 gold pieces
 24932 | Orc:2    | Bought a wand of flame (6) for 29 gold pieces
 24971 | Orc:2    | Noticed an orc warlord
 25302 | Orc:2    | Offered knowledge of Conjure Ball Lightning by Vehumet.
 25421 | Orc:2    | Found Poharaer's Antique Weapon Shoppe.
 25431 | Orc:2    | Found Xath's Antique Armour Emporium.
 25444 | Orc:2    | Bought a pair of steaming boots for 237 gold pieces
 25444 | Orc:2    | Identified the +1 pair of boots of the Mackerel {Regen+
                  | SInv} (You bought it in a shop on level 2 of the Orcish
                  | Mines)
 25444 | Orc:2    | Bought an embroidered cloak for 187 gold pieces
 25612 | Orc:2    | Found Litet's Distillery.
 25743 | Orc:2    | Bought a potion of heal wounds for 50 gold pieces
 25743 | Orc:2    | Bought a potion of haste for 100 gold pieces
 25743 | Orc:2    | Bought a potion of experience for 500 gold pieces
 25743 | Orc:2    | Reached skill level 5 in Fire Magic
 25743 | Orc:2    | Reached XP level 15. HP: 120/120 MP: 29/29
 25974 | D:10     | Found Epuneulaso's Overcharged Wands.
 26900 | D:11     | Found Unyhit's Magic Scroll Emporium.
 26928 | D:11     | Bought a scroll of amnesia for 49 gold pieces
 26928 | D:11     | Bought a scroll of identify for 28 gold pieces
 26928 | D:11     | Bought 2 scrolls of magic mapping for 98 gold pieces
 26928 | D:11     | Bought a scroll of identify for 28 gold pieces
 26928 | D:11     | Bought a scroll of fog for 28 gold pieces
 26928 | D:11     | Bought a scroll of teleportation for 42 gold pieces
 26928 | D:11     | Bought a scroll of blinking for 105 gold pieces
 26928 | D:11     | Identified 2 scrolls of acquirement
 26929 | D:11     | Acquired a book of the Spheres
 26931 | D:11     | Acquired the +0 hat of the Beggar {rF+ rN+}
 27050 | D:11     | Found a flagged portal.
 27063 | Bailey   | Entered a bailey
 27254 | Bailey   | Offered knowledge of Yara's Violent Unravelling by Vehumet.
 27595 | D:11     | Found a hide-covered altar of Uskayaw.
 27620 | D:11     | Learned a level 5 spell: Iskenderun's Battlesphere
 27628 | D:11     | Learned a level 7 spell: Orb of Destruction
 28266 | D:12     | Noticed Rupert
 28396 | D:12     | Paralysed by Rupert for 2 turns
 28586 | D:12     | Killed Rupert
 28810 | D:12     | Found a blossoming altar of Fedhas.
 29912 | D:13     | Reached XP level 16. HP: 128/128 MP: 10/30
 30077 | D:13     | Reached skill level 10 in Dodging
 30249 | D:13     | Found a glowing silver altar of Zin.
 30654 | D:13     | Found a gate to the Vaults.
 30779 | D:13     | Found Avvoemorch's Distillery.
 30789 | D:13     | Bought a potion of curing for 51 gold pieces
 30789 | D:13     | Bought a potion of might for 68 gold pieces
 30789 | D:13     | Bought a potion of magic for 136 gold pieces
 31014 | D:13     | Got the Handbook of the Bruised Continents
 31015 | D:13     | Identified the +10 long sword "Taisur" {vorpal, rElec Str-2
                  | Dex+4 SInv}
 31253 | D:14     | Offered knowledge of Lightning Bolt by Vehumet.
 31255 | D:14     | Reached skill level 15 in Conjurations
 31366 | D:14     | Found a shimmering altar of Xom.
 31795 | D:14     | Learned a level 5 spell: Fireball
 32338 | D:14     | Found a shimmering altar of Xom.
 32338 | D:14     | Found a shimmering altar of Xom.
 32340 | D:14     | Found a shimmering altar of Xom.
 32341 | D:14     | Found a shimmering altar of Xom.
 32341 | D:14     | Found a shimmering altar of Xom.
 32344 | D:14     | Found a shimmering altar of Xom.
 32576 | D:14     | Found a stormy altar of Qazlal.
 32635 | D:15     | Entered Level 15 of the Dungeon
 32679 | D:15     | Learned a level 6 spell: Starburst
 33587 | D:15     | Offered knowledge of Freezing Cloud by Vehumet.
 33958 | D:15     | Learned a level 5 spell: Freezing Cloud
 33967 | D:15     | Found a staircase to the Depths.
 34355 | D:15     | Found the +8 mithril axe "Arga" {speed, Will+}
 34369 | D:15     | Got the Almanac of Noxious Confrontation
 34377 | D:15     | Identified the ring of Kuddiduf {Fire rN+ Will+ Int+4
                  | Dex+4}
 34723 | Spider:1 | Entered Level 1 of the Spider Nest
 34879 | Spider:1 | Reached skill level 1 in Air Magic
 34885 | Spider:1 | Reached skill level 1 in Ice Magic
 35301 | Spider:2 | Got the Collected Works on Glacial Curses
 35463 | Spider:2 | Reached skill level 2 in Air Magic
 35614 | Spider:2 | Reached XP level 17. HP: 76/136 MP: 24/32
 36230 | Spider:3 | Noticed Nikola
 36571 | Spider:2 | Killed Nikola
 36572 | Spider:2 | Reached skill level 10 in Fire Magic
 37145 | Spider:3 | Offered knowledge of Ignition by Vehumet.
 37146 | Spider:3 | Reached skill level 3 in Air Magic
 37414 | Spider:2 | Reached ****** piety under Vehumet
 37766 | Spider:4 | Entered Level 4 of the Spider Nest
 38438 | Spider:3 | Learned a level 8 spell: Ignition
 39331 | Spider:4 | Offered knowledge of Lehudib's Crystal Spear by Vehumet.
 39331 | Spider:4 | Offered knowledge of Chain Lightning by Vehumet.
 39331 | Spider:4 | Offered knowledge of Maxwell's Capacitive Coupling by
                  | Vehumet.
 40557 | Spider:4 | Found a runed translucent gate.
 40558 | Spider:4 | Found a runed translucent gate.
 40558 | Spider:4 | Found a runed translucent gate.
 40558 | Spider:4 | Found the +6 lightning scales {swift, rElec}
 40561 | Spider:4 | Noticed Ulouff's ghost (adept DsVM)
 41034 | Spider:4 | Got a gossamer rune of Zot
 41272 | Shoals:1 | Entered Level 1 of the Shoals
 41862 | Shoals:1 | Noticed a kraken
 41876 | Shoals:1 | Killed a kraken
 41917 | Shoals:1 | Found Onnepr Rikk's Weapon Shop.
 42697 | Shoals:2 | Noticed Polyphemus
 42840 | Shoals:2 | Reached XP level 18. HP: 137/145 MP: 24/34
 42979 | Shoals:2 | Noticed Jorgrun
 42990 | Shoals:2 | Killed Jorgrun
 42991 | Shoals:2 | Reached skill level 15 in Fighting
 43381 | Shoals:2 | Killed Polyphemus
 44900 | Shoals:3 | Noticed Ilsuiw
 45068 | Shoals:2 | Killed Ilsuiw
 46049 | Shoals:3 | Found Qathokk's Jewellery Shop.
 46555 | Shoals:3 | Noticed Roxanne
 46564 | Shoals:3 | Killed Roxanne
 46981 | Shoals:4 | Entered Level 4 of the Shoals
 48685 | Shoals:4 | Got a barnacled rune of Zot
 49255 | Vaults:1 | Entered Level 1 of the Vaults
 49431 | Elf:1    | Entered Level 1 of the Elven Halls
 50862 | Elf:1    | Paralysed by an air elemental for 1 turns
 50960 | Elf:1    | Reached XP level 19. HP: 154/154 MP: 36/36
 51794 | Elf:2    | Found a white marble altar of Elyvilon.
 51802 | Elf:2    | Found a crumbling gateway.
 51802 | Elf:2    | Found a glowing golden altar of the Shining One.
 51922 | Elf:2    | Found a glowing silver altar of Zin.
 52891 | Elf:2    | Reached skill level 15 in Fire Magic
 53111 | Elf:2    | Found a runed translucent gate.
 53111 | Elf:2    | Found a runed translucent gate.
 53111 | Elf:2    | Found a runed translucent gate.
 54499 | Elf:3    | Entered Level 3 of the Elven Halls
 54688 | Elf:3    | Identified the +6 long sword of the Extremes {protect, Fly
                  | rN+}
 54707 | Elf:2    | Upgraded the game from 0.28-a0-861-ge64d6db94f to
                  | 0.28-a0-863-g8cecda6153
 55174 | Depths:1 | Entered Level 1 of the Depths
 56194 | Depths:1 | Noticed Sojobo
 56204 | Depths:1 | Reached skill level 4 in Air Magic
 56205 | Depths:1 | Paralysed by an air elemental for 1 turns
 56207 | Depths:1 | Killed Sojobo
 56896 | Depths:1 | Reached skill level 5 in Air Magic
 56993 | Depths:1 | Reached XP level 20. HP: 165/165 MP: 13/38
 57684 | Depths:1 | Reached skill level 6 in Air Magic
 57931 | Depths:1 | Found a gateway to Hell.
 59234 | Depths:2 | Found a glowing silver altar of Zin.
 59240 | Depths:2 | Found a one-way gate leading to the halls of Pandemonium.
 59265 | Depths:2 | Reached skill level 7 in Air Magic
 60820 | Depths:2 | Found an ancient bone altar of Kikubaaqudgha.
 60917 | Depths:2 | Identified the +10 flail of the Lurker {freeze, rPois rCorr
                  | SInv}
 61033 | Depths:2 | Identified the +10 morningstar of Prudence {flame, rElec
                  | rN+++ Int-3 SInv}
 61060 | Depths:2 | Noticed a golden dragon
 61065 | Depths:2 | Killed a golden dragon
 61066 | Depths:2 | Reached skill level 8 in Air Magic
 61464 | Depths:2 | Identified the +10 scale mail "Bumy" {rF+ Slay+4}
 61599 | Depths:2 | Found a blossoming altar of Fedhas.
 61600 | Depths:2 | Found a gateway to a ziggurat.
 61619 | Depths:2 | Noticed a golden dragon
 61623 | Depths:2 | Killed a golden dragon
 62194 | Depths:2 | Reached skill level 15 in Spellcasting
 62442 | Depths:2 | Reached XP level 21. HP: 164/174 MP: 26/40
 62538 | Depths:2 | Found a glowing golden altar of the Shining One.
 63090 | Vaults:1 | Reached skill level 9 in Air Magic
 63472 | Vaults:1 | Learned a level 6 spell: Dispersal
 63853 | Vaults:1 | Found Jeshreenk's Book Boutique.
 64033 | Vaults:1 | Noticed Asterion
 64037 | Vaults:1 | Killed Asterion
 64563 | Vaults:2 | Found a staircase to the Crypt.
 65031 | Vaults:2 | Found Suad's Magic Scroll Shop.
 65154 | Vaults:2 | Reached skill level 10 in Air Magic
 66042 | Vaults:2 | Identified the +6 falchion of Change {vorpal, rN+ Will+
                  | rCorr Stlth-}
 66517 | Vaults:3 | Noticed Xtahua
 66522 | Vaults:3 | Killed Xtahua
 66527 | Vaults:3 | Noticed a dread lich
 66683 | Vaults:3 | Noticed Mennas
 68464 | Elf:3    | Reached XP level 22. HP: 183/183 MP: 35/41
 68914 | Elf:3    | Reached skill level 10 in Translocations
 69377 | Elf:3    | Identified the ring "Fompoose" {rPois rC+ rCorr Int+2}
 69523 | Elf:3    | Identified the +7 flail of Joyful Slaughter {freeze, rC+}
 69607 | Elf:3    | Identified the +8 dagger of Distraction {drain, *Slow rF+
                  | Str+4 Int+4}
 69804 | Elf:3    | Identified the +8 giant spiked club "Oxeytet" {protect,
                  | +Blink Dex+5}
 69834 | Elf:3    | Got Owadd's Tome of Mutagenic Black Rituals
 70127 | Depths:3 | Reached skill level 11 in Air Magic
 70290 | Depths:3 | Noticed Mara
 70295 | Depths:3 | Killed Mara
 71011 | Depths:3 | Noticed Boris
 71011 | Depths:3 | Found Ziadiump's Antique Weapon Shoppe.
 71017 | Depths:3 | Killed Boris
 71957 | Depths:3 | Found a one-way gate to the infinite horrors of the Abyss.
 72458 | Depths:3 | Reached skill level 5 in Ice Magic
 72458 | Depths:3 | Reached skill level 12 in Air Magic
 72626 | Depths:4 | Entered Level 4 of the Depths
 73867 | Depths:4 | Noticed a juggernaut
 74315 | Depths:4 | Noticed a juggernaut
 74470 | Depths:3 | Killed a juggernaut
 74729 | Depths:4 | Reached XP level 23. HP: 193/193 MP: 36/43
 74826 | Depths:4 | Killed a juggernaut
 74984 | Depths:4 | Found a sparkling altar of Nemelex Xobeh.
 75265 | Depths:4 | Reached skill level 13 in Air Magic
 75441 | Depths:4 | Found a gate to the Realm of Zot.
 75891 | Slime:1  | Entered Level 1 of the Pits of Slime
 76332 | Slime:2  | Gained mutation: Your body sometimes deteriorates upon
                  | taking damage. [a shining eye]
 76759 | Slime:2  | Reached skill level 14 in Air Magic
 76982 | Slime:1  | Lost mutation: You have large cloven feet. [potion of
                  | mutation]
 76982 | Slime:1  | Lost mutation: Your muscles are strong. (Str +2) [potion of
                  | mutation]
 76982 | Slime:1  | Lost mutation: You are frail. (-10% HP) [potion of
                  | mutation]
 76982 | Slime:1  | Gained mutation: You sometimes lose the ability to read
                  | scrolls when taking damage. [potion of mutation]
 76982 | Slime:1  | Gained mutation: You occasionally shout uncontrollably at
                  | your foes. [potion of mutation]
 76982 | Slime:1  | Gained mutation: Your magical capacity is low. (-10% MP)
                  | [potion of mutation]
 76982 | Slime:1  | Gained mutation: You possess an exceptional clarity of
                  | mind. [potion of mutation]
 76983 | Slime:1  | Lost mutation: Your magical capacity is low. (-10% MP)
                  | [potion of mutation]
 76983 | Slime:1  | Lost mutation: You possess an exceptional clarity of mind.
                  | [potion of mutation]
 76983 | Slime:1  | Lost mutation: You occasionally shout uncontrollably at
                  | your foes. [potion of mutation]
 76983 | Slime:1  | Gained mutation: You possess an exceptional clarity of
                  | mind. [potion of mutation]
 76983 | Slime:1  | Gained mutation: Your magical capacity is low. (-10% MP)
                  | [potion of mutation]
 76983 | Slime:1  | Gained mutation: You have a pair of small horns on your
                  | head. [potion of mutation]
 76984 | Slime:1  | Lost mutation: Your magical capacity is low. (-10% MP)
                  | [potion of mutation]
 76984 | Slime:1  | Lost mutation: Your body sometimes deteriorates upon taking
                  | damage. [potion of mutation]
 76984 | Slime:1  | Gained mutation: You have supernaturally acute eyesight.
                  | (SInv) [potion of mutation]
 76984 | Slime:1  | Gained mutation: You are strong-willed. (Will+) [potion of
                  | mutation]
 77264 | Orc:2    | Bought a potion of mutation for 80 gold pieces
 77264 | Orc:2    | Bought 2 potions of haste for 200 gold pieces
 77264 | Orc:2    | Lost mutation: You sometimes lose the ability to read
                  | scrolls when taking damage. [potion of mutation]
 77264 | Orc:2    | Gained mutation: Your tail ends in a venomous barb. [potion
                  | of mutation]
 77264 | Orc:2    | Gained mutation: You are weak. (Str -2) [potion of
                  | mutation]
 77264 | Orc:2    | Gained mutation: Your tail ends in a sharp venomous barb.
                  | [potion of mutation]
 77627 | Slime:3  | Gained mutation: You are occasionally teleported next to
                  | monsters. [a shining eye]
 78160 | Slime:4  | Gained mutation: You occasionally shout uncontrollably at
                  | your foes. [a shining eye]
 78722 | Slime:5  | Entered Level 5 of the Pits of Slime
 78867 | Slime:5  | Reached skill level 15 in Air Magic
 79570 | Slime:5  | Found a viscous altar of Jiyva.
 79578 | Slime:5  | Noticed the Royal Jelly
 81078 | Slime:5  | Killed the Royal Jelly
 81788 | Slime:5  | Identified the +7 shortbow of Past Mistakes {flame, rF+
                  | Str+4}
 81809 | Slime:5  | Identified the +10 short sword of Tupseixt {flame, *Slow
                  | +Blink Str-5 Dex+9}
 81823 | Slime:5  | Got the Disquisition on Doomed Heat
 81833 | Slime:5  | Learned a level 8 spell: Maxwell's Capacitive Coupling
 81843 | Slime:5  | Learned a level 9 spell: Chain Lightning
 81870 | Slime:5  | Identified the +1 leather armour "Paigubem" {rElec Regen+
                  | Dex+2 Stlth+}
 81890 | Slime:5  | Got a slimy rune of Zot
 82394 | Vaults:3 | Noticed Donald
 82399 | Vaults:3 | Killed Donald
 82465 | Vaults:3 | Killed a dread lich
 82665 | Vaults:3 | Noticed Margery
 82745 | Vaults:3 | Reached skill level 16 in Air Magic
 83020 | Vaults:3 | Reached skill level 5 in Shields
 83485 | Vaults:3 | Reached XP level 24. HP: 224/224 MP: 14/44
 84537 | Vaults:3 | Killed Mennas
 84620 | Vaults:3 | Killed Margery
 85689 | Vaults:4 | Reached skill level 17 in Air Magic
 87552 | Vaults:5 | Entered Level 5 of the Vaults
 88177 | Vaults:5 | Noticed an ancient lich
 88186 | Vaults:4 | Reached skill level 18 in Air Magic
 88279 | Vaults:5 | Killed an ancient lich
 88808 | Vaults:4 | Reached skill level 10 in Shields
 88921 | Vaults:5 | Noticed Bai Suzhen
 88926 | Vaults:5 | Noticed a dread lich
 89078 | Vaults:4 | Killed a dread lich
 89213 | Vaults:4 | Killed Bai Suzhen
 89214 | Vaults:4 | Reached XP level 25. HP: 155/231 MP: 16/45
 89328 | Vaults:5 | Noticed an ancient lich
 89448 | Vaults:5 | Killed an ancient lich
 90619 | Vaults:5 | Noticed a dread lich
 90620 | Vaults:5 | Found Qosimouc's Antique Armour Shoppe.
 90626 | Vaults:5 | Killed a dread lich
 90627 | Vaults:5 | Reached skill level 19 in Air Magic
 90739 | Vaults:5 | Found Hubidum's Distillery.
 90743 | Vaults:5 | Bought a potion of heal wounds for 70 gold pieces
 90743 | Vaults:5 | Bought a potion of cancellation for 112 gold pieces
 90743 | Vaults:5 | Bought a potion of mutation for 112 gold pieces
 90743 | Vaults:5 | Bought a potion of heal wounds for 70 gold pieces
 90743 | Vaults:5 | Bought a potion of mutation for 112 gold pieces
 90743 | Vaults:5 | Bought a potion of curing for 42 gold pieces
 90743 | Vaults:5 | Lost mutation: You are occasionally teleported next to
                  | monsters. [potion of mutation]
 90743 | Vaults:5 | Lost mutation: You are weak. (Str -2) [potion of mutation]
 90743 | Vaults:5 | Lost mutation: You occasionally shout uncontrollably at
                  | your foes. [potion of mutation]
 90743 | Vaults:5 | Gained mutation: You are robust. (+10% HP) [potion of
                  | mutation]
 90743 | Vaults:5 | Lost mutation: You are robust. (+10% HP) [potion of
                  | mutation]
 90743 | Vaults:5 | Gained mutation: You expend magic power (3 MP) to
                  | strengthen your wands. [potion of mutation]
 90768 | Vaults:5 | Found Gengein's Antique Armour Boutique.
 90777 | Vaults:5 | Bought a pair of embroidered gloves for 217 gold pieces
 90785 | Vaults:5 | Found Oluow's Book Emporium.
 91145 | Vaults:5 | Found Zaevveca's Magic Scroll Shoppe.
 91145 | Vaults:5 | Found Newkal's Magic Scroll Shop.
 91149 | Vaults:5 | Bought a scroll of blinking for 97 gold pieces
 91149 | Vaults:5 | Bought 3 scrolls of teleportation for 117 gold pieces
 91155 | Vaults:5 | Found Kybuvicw's Distillery.
 91156 | Vaults:5 | Bought a scroll of blinking for 135 gold pieces
 91156 | Vaults:5 | Bought a scroll of fog for 36 gold pieces
 91163 | Vaults:5 | Bought a potion of brilliance for 80 gold pieces
 91163 | Vaults:5 | Bought a potion of brilliance for 80 gold pieces
 91183 | Vaults:5 | Got a silver rune of Zot
 91490 | Vaults:5 | Found Zaojuk's Antique Weapon Shop.
 91759 | Crypt:1  | Entered Level 1 of the Crypt
 92027 | Crypt:1  | Noticed Boris
 92068 | Crypt:1  | Killed Boris
 92477 | Crypt:1  | Found a runed translucent door.
 92481 | Crypt:1  | Noticed bmj180's ghost (veteran DrCj)
 93824 | Crypt:1  | Killed bmj180's ghost
 94128 | Crypt:2  | Identified the amulet "Xok Goti" {Faith Rampage}
 95407 | Crypt:3  | Entered Level 3 of the Crypt
 95423 | Crypt:3  | Reached skill level 20 in Air Magic
 96146 | Crypt:3  | Noticed an ancient lich
 96146 | Crypt:3  | Noticed a dread lich
 96369 | Crypt:3  | Killed an ancient lich
 96374 | Crypt:3  | Killed a dread lich
 96375 | Crypt:3  | Noticed a dread lich
 96381 | Crypt:3  | Killed a dread lich
 96414 | Crypt:3  | Identified the ring of Maheoc {Fly rC- rN+ Int+3 Slay+3}
 96414 | Crypt:3  | Identified the ring of Herie {+Blink rElec rF- rN+ Int+4}
 96414 | Crypt:3  | Identified the ring of Gunyfist {rN+ Str+2 Int+4}
 96421 | Crypt:3  | Identified the ring of Qiboc {rC++ Dex+4 SInv}
 96430 | Crypt:3  | Got the Collected Works on Dark Rituals
 96432 | Crypt:3  | Identified the ring of Ixuripech {Fire Int+3 Dex+4}
 96600 | Crypt:3  | Reached XP level 26. HP: 239/239 MP: 37/46
 96894 | Crypt:3  | Found a staircase to the Tomb.
 97682 | Zot:1    | Entered Level 1 of the Realm of Zot
 97687 | Zot:1    | Reached skill level 1 in Maces & Flails
 97713 | Zot:1    | Reached skill level 15 in Shields
 98042 | Zot:1    | Noticed an orb of fire
 98046 | Zot:1    | Killed an orb of fire
 98743 | Zot:1    | Reached skill level 5 in Maces & Flails
100318 | Zot:2    | Noticed an orb of fire
100328 | Zot:2    | Killed an orb of fire
101915 | Zot:2    | Got the Reference Book on the Mutagenic Snowflakes
102430 | Zot:2    | Noticed an ancient lich
102433 | Zot:2    | Killed an ancient lich
102796 | Zot:3    | Reached skill level 21 in Air Magic
103017 | Zot:3    | Reached XP level 27. HP: 246/246 MP: 47/47
106123 | Zot:5    | Entered Level 5 of the Realm of Zot
107006 | Zot:5    | Noticed an orb of fire
107011 | Zot:5    | Killed an orb of fire
107014 | Zot:5    | Noticed an orb of fire
107180 | Zot:5    | Reached skill level 15 in Dodging
107207 | Zot:5    | Noticed an ancient lich
107208 | Zot:5    | Noticed an orb of fire
107214 | Zot:5    | Gained mutation: You have hidden genetic defects. [an orb
                  | of fire]
107216 | Zot:5    | Killed an orb of fire
107217 | Zot:5    | Reached skill level 10 in Maces & Flails
107223 | Zot:5    | Killed an ancient lich
107246 | Zot:5    | Killed an orb of fire
107318 | Zot:5    | Noticed an ancient lich
107322 | Zot:5    | Killed an ancient lich
107406 | Zot:5    | Noticed an orb of fire
107416 | Zot:5    | Killed an orb of fire
107489 | Zot:5    | Noticed an orb of fire
107493 | Zot:5    | Killed an orb of fire
107672 | Zot:5    | Gained mutation: You are weak. (Str -2) [hidden defects]
107856 | Zot:5    | Noticed an orb of fire
107861 | Zot:5    | Killed an orb of fire
107973 | Zot:5    | Noticed an orb of fire
107977 | Zot:5    | Killed an orb of fire
108003 | Zot:5    | Reached skill level 22 in Air Magic
108048 | Zot:5    | Noticed an orb of fire
108214 | Zot:5    | Killed an orb of fire
108352 | Zot:5    | Noticed a dread lich
108356 | Zot:5    | Killed a dread lich
108366 | Zot:5    | Gained mutation: Potions are less effective at restoring
                  | your health. [hidden defects]
108366 | Zot:5    | Lost mutation: You have hidden genetic defects. [hidden
                  | defects expressed]
109121 | Spider:4 | Killed Ulouff's ghost
109779 | Depths:3 | Voluntarily entered the Abyss.
110296 | Abyss:3  | Noticed an ancient lich
110305 | Abyss:3  | Killed an ancient lich
110313 | Depths:3 | Escaped the Abyss
110434 | Depths:3 | Voluntarily entered the Abyss.
110704 | Abyss:1  | Found a corrupted altar of Lugonu.
110910 | Depths:3 | Escaped the Abyss
111003 | Depths:3 | Voluntarily entered the Abyss.
111025 | Abyss:1  | Found a snail-covered altar of Cheibriados.
111300 | Depths:3 | Escaped the Abyss
111335 | Depths:3 | Voluntarily entered the Abyss.
111342 | Abyss:1  | Found a corrupted altar of Lugonu.
111582 | Abyss:2  | Found a corrupted altar of Lugonu.
112009 | Abyss:2  | Found a hide-covered altar of Uskayaw.
112155 | Depths:3 | Escaped the Abyss
112697 | Pan      | Entered Pandemonium
112733 | Pan      | Noticed Xotyf the pandemonium lord
112742 | Pan      | Killed Xotyf the pandemonium lord
113008 | Depths:4 | Escaped Pandemonium
113293 | Zot:5    | Got the Orb of Zot
113421 | Zot:2    | Noticed Puecvaf the pandemonium lord
113426 | Zot:2    | Killed Puecvaf the pandemonium lord
113501 | Zot:1    | Noticed Egirr the pandemonium lord
113505 | Zot:1    | Killed Egirr the pandemonium lord
113587 | Depths:3 | Noticed a seraph
113591 | Depths:3 | Killed a seraph
114069 | D:1      | Noticed Luahuel the pandemonium lord
114074 | D:1      | Killed Luahuel the pandemonium lord
114092 | D:$      | Escaped with the Orb!

Illustrated notes

Levels and vault maps discovered:
D:1:      wander_arrival_peaceful_grave, layout_basic,
          shapermc_ecumenical_altar_pompeii, chequers_serial_rivers_room_a
D:2:      layout_loops_cross, minmay_pentomino_q2
D:3:      layout_rooms, nicolae_dithmenos_the_darkroom, serial_shops, shop,
          uniq_sigmund
D:4:      cheibrodos_pilgrimage, layout_gridville, serial_bayou,
          serial_bayou_ford_a, serial_bayou_pond_d, serial_bayou_pond_c,
          serial_bayou_lagoon_b, serial_bayou_shore_a, uniq_grinder,
          uniq_duvessa
D:5:      layout_loops_ring, nicolae_overflow_hidden_temple,
          minmay_temple_entry_antechambers, gammafunk_ghost_gnarly_gnolls,
          nicolae_figureground_sparkle
D:6:      layout_loops_ring, nicolae_ossuary_entry_monument
D:7:      layout_basic
D:8:      kennysheep_steamy, layout_loops_corners, dpeg_lair_monsters
D:9:      layout_roguey, grunt_temple_overflow_gold_and_silver, orc_0_dummy
D:10:     layout_roguey, nicolae_shop_overcharged_wands
D:11:     layout_roguey, serial_shops, shop, enter_bailey_3,
          chequers_serial_rivers_room_b, st_stairs_14,
          nicolae_uskayaw_dance_hall
D:12:     layout_long_grid, fedhas_altar_2, uniq_rupert
D:13:     cheibrodos_wizards_tower, layout_basic, grunt_vaults_entry_tiered,
          serial_shops, shop_fountains, zin_academy
D:14:     layout_rooms, nicolae_qazlal_scattered_showers,
          nicolae_xom_altar_mimics
D:15:     hangedman_depths_entry_try_elsewhere_first, layout_irregular_city,
          lemuel_flamethrower_hall
Temple:   eino_temple_scatter_basement
Lair:1:   layout_chaotic_city, portal_ice_cave_entry_pillars_2,
          wad_woods_river_02, grunt_forest_large_clearings,
          infiniplex_staircase_pool_2
Lair:2:   layout_cellular_growth, gauntlet_entry_generic, lemuel_fruit_fields,
          serial_bayou_shore_b, grunt_megastairs_4, serial_bayou_shore_b
Lair:3:   layout_gridlike, shoals_dummy_entry
Lair:4:   layout_gridlike, nicolae_spider_entry_tight_spaces
Lair:5:   layout_gridlike, lemuel_fruit_tree, uniq_kirke
Lair:6:   hangedman_lair_tendril_chambers, layout_regular_city,
          guppyfry_lair_end_dragon, nicolae_slime_entry_slimehenge
Shoals:1: layout_shoals, serial_shops, nicolae_shop_window_shopping
Shoals:2: layout_shoals, uniq_jorgrun, uniq_polyphemus
Shoals:3: layout_shoals, serial_shops, nicolae_shop_trees,
          nicolae_shoals_circle_sea_wall, nicolae_shoals_cliffside_cave,
          uniq_roxanne, uniq_ilsuiw
Shoals:4: shoals_end_simple, layout_shoals
Spider:1: layout_spider_delve, gammafunk_ghost_grave
Spider:2: layout_spider_delve
Spider:3: layout_spider_delve, uniq_nikola
Spider:4: grunt_spider_rune_island, ebering_ghost_rock_garden,
          hangedman_spider_mandibles
Slime:1:  layout_caves, cheibrodos_slime_lost_civilization_7
Slime:2:  layout_caves
Slime:3:  layout_caves
Slime:4:  layout_caves
Slime:5
Orc:1:    layout_caves, mines2_lemuel
Orc:2:    grunt_orc_community_town_hall, layout_caves,
          grunt_orc_community_big_house_1, grunt_orc_community_big_house_1,
          grunt_orc_community_house_1, grunt_orc_community_house_1,
          grunt_orc_community_house_3, grunt_orc_community_house_1,
          bloody_makhleb
Elf:1:    minmay_elf_arrival_plus, layout_gridlike, serial_glass,
          glass_columns_b, glass_columns_b, item_on_display_b,
          hangedman_elf_disciples
Elf:2:    nicolae_elf_blades_splatter_lattice
          [nicolae_blade_entry_floor_patterns], layout_gridlike,
          portal_desolation_entry_holy_temple, minivault_24
Elf:3:    minmay_elf_hall_dome, layout_gridlike, serial_sigils,
          serial_sigils_hangedman_shear, serial_sigils_hangedman_confine,
          serial_sigils_hangedman_writhe, serial_sigils_hangedman_carve,
          serial_sigils_hangedman_gnaw, serial_sigils_hangedman_shear
Vaults:1: ontoclasm_vaults_hangar, nicolae_vaults_little_squares_5, v_pattern_4,
          vaults_room_fancy_cross, ontoclasm_vaults_gateway, v_alt_pattern_6,
          ontoclasm_vaults_ring_large, v_misc_26, v_misc_13,
          nicolae_vaults_alarming, vaults_dpeg_ring, layout_vaults_big_cross,
          serial_shops, nicolae_shop_hallway_plus, uniq_asterion
Vaults:2: nicolae_vaults_big_angled_halls, nicolae_vaults_twisting_passages,
          nicolae_vaults_fighting_squares, ontoclasm_vaults_loading_screen,
          v_misc_9, minmay_crypt_entry_simple_corners,
          vaults_room_stairs_pillars, nicolae_vaults_mini_display_case,
          vaults_room_door_hall, v_rooms_3, vaults_dpeg_doors,
          layout_vaults_omnibox, serial_shops, shop_scrolls
Vaults:3: nicolae_vaults_quartermaster, nicolae_vaults_specimen_jars,
          hangedman_vaults_stretched_pinwheel, hangedman_vaults_maws,
          grunt_vaults_twisty, vaults_dpeg_hooks, hangedman_vaults_pinch,
          vaults_room_grid, v_misc_30, layout_vaults_omnigrid, uniq_mennas,
          uniq_xtahua, uniq_margery, uniq_donald
Vaults:4: ontoclasm_vaults_ring_square, ontoclasm_vaults_idyll, serial_ice_g,
          v_rooms_2, v_misc_23, vaults_mumra_minichess_inversion, v_misc_27,
          nicolae_vaults_border_crossing, layout_vaults_chaotic_city
Vaults:5: uniq_bai_suzhen
Crypt:1:  layout_gridlike, ebering_ghost_inner_flame, amcnicky_mini_pool_small,
          grunt_ministairs_3
Crypt:2:  layout_basic, grunt_megastairs_3, lemuel_upstairs_altar
Crypt:3:  david_glass_crypt, layout_gridlike, nicolae_tomb_entry_rubble_hallway
Depths:1: layout_roguey [special_room_mythical_zoo], grunt_hell_entry_dis_old,
          infiniplex_enter_wizlab_water, feat_on_display, serial_bayou_shore_b,
          uniq_sojobo
Depths:2: grunt_profane_halls [grunt_profane_temple_geh,
          grunt_profane_temple_coc, grunt_profane_temple_tar,
          grunt_profane_temple_dis, grunt_profane_loot], hell_entry, pan_entry
Depths:3: minmay_distorted_concentric_squares, layout_gridlike,
          hangedman_coc_ice_floe, chequers_serial_rivers_micro_e, serial_shops,
          shop, abyss_entry_crystal, uniq_boris, uniq_mara
Depths:4: evilmike_zot_entry_gauntlet, layout_cave_pools,
          nemelex_spade_bored_becter, rand_demon_pan_entry_1, hell_entry,
          drop_trap, minivault_16
Zot:1:    layout_onion_interference
Zot:2:    hangedman_snap_crack_crunch, layout_onion, nzn_random_ring
Zot:3:    gammafunk_mikee_crab_dinner, layout_misc_corridors, grunt_ministairs_8
Zot:4:    layout_misc_corridors
Zot:5:    layout_basic, lemuel_baited_zot_trap

Skill      XL: |  1  2  3  4  5  6  7  8  9 10 11 12 13 14 15 16 17 18 19 20 21 22 23 24 25 26 27 |
---------------+----------------------------------------------------------------------------------+-----
Conjurations   | 5 6 7 9 10 11 12 13 14 16 18 19 21 | 21.3
Fighting       | 1 2 3 4 5 7 8 9 11 12 13 14 16 17 18 19 20 | 20.0
Spellcasting   | 3 4 5 6 7 8 9 10 11 12 13 14 15 16 17 18 19 20 21 | 21.5
Dodging        | 3 4 6 7 9 10 11 12 13 15 | 15.0
Translocations | 2 4 6 9 11 12 | 12.0
Shields        | 4 5 10 14 15 | 15.0
Hexes          | 2 5 6 |  6.0
Evocations     | 3 5 7 8 |  8.0
Fire Magic     | 5 6 9 11 14 16 17 18 19 | 19.0
Air Magic      | 2 3 5 8 10 12 16 18 20 21 22 | 22.8
Ice Magic      | 2 3 5 6 |  6.0
Maces & Flails | 8 14 | 14.1
Stealth        | |  1.7

Action                   |  1- 3 |  4- 6 |  7- 9 | 10-12 | 13-15 | 16-18 | 19-21 | 22-24 | 25-27 || total
-------------------------+-------+-------+-------+-------+-------+-------+-------+-------+-------++-------
Melee: Unarmed           |     8 |       |       |       |       |       |       |       |       ||     8
       Dagger            |    11 |     8 |       |       |       |       |       |       |       ||    19
       Whip              |     5 |       |       |       |       |       |       |       |       ||     5
       Tailslap          |     1 |     3 |    12 |    14 |    26 |    26 |    32 |    37 |    87 ||   238
       Rapier            |       |    15 |       |       |       |       |       |       |       ||    15
       Short sword       |       |       |    75 |    15 |       |       |       |       |       ||    90
       Spear             |       |       |       |   132 |   439 |   108 |       |       |       ||   679
       Bite              |       |       |       |       |    12 |    20 |    36 |    18 |    67 ||   153
       Long sword        |       |       |       |       |       |   262 |   178 |     5 |     2 ||   447
       Morningstar       |       |       |       |       |       |       |   209 |   269 |   709 ||  1187
       Headbutt          |       |       |       |       |       |       |       |    38 |   110 ||   148
 Cast: Magic Dart        |    12 |     1 |       |       |       |       |       |       |       ||    13
       Searing Ray       |    28 |    34 |    70 |   107 |   129 |    11 |    10 |     1 |       ||   390
       Fulminant Prism   |       |       |       |    56 |    35 |     1 |       |       |       ||    92
       Iskenderun's Myst |       |       |       |    10 |    36 |    59 |    76 |       |       ||   181
       Blink             |       |       |       |     2 |       |     1 |       |       |       ||     3
       Starburst         |       |       |       |       |   104 |   130 |       |       |       ||   234
       Orb of Destructio |       |       |       |       |    11 |   231 |   211 |   282 |   175 ||   910
       Iskenderun's Batt |       |       |       |       |     9 |     3 |       |       |       ||    12
       Fireball          |       |       |       |       |       |    36 |    21 |    17 |     6 ||    80
       Freezing Cloud    |       |       |       |       |       |   109 |    21 |    15 |    10 ||   155
       Ignition          |       |       |       |       |       |    30 |   158 |   285 |   314 ||   787
       Dispersal         |       |       |       |       |       |       |     3 |    18 |     4 ||    25
       Maxwell's Capacit |       |       |       |       |       |       |       |    23 |   146 ||   169
       Chain Lightning   |       |       |       |       |       |       |       |     4 |    75 ||    79
 Abil: Breathe Acid      |       |       |    17 |    39 |    17 |    10 |     9 |     5 |     1 ||    98
Evoke: Wand              |       |       |       |     6 |     1 |     1 |     1 |       |       ||     9
       Condenser vane    |       |       |       |       |     1 |     2 |       |       |       ||     3
  Use: Scroll            |       |       |     6 |     4 |     9 |    11 |     8 |    10 |    16 ||    64
       Potion            |       |       |     1 |     4 |     2 |     2 |     3 |    11 |     5 ||    28
 Stab: Sleeping          |     1 |       |       |       |     3 |     3 |     1 |     1 |     1 ||    10
       Distracted        |       |       |       |     1 |     1 |       |       |       |     3 ||     5
Armor: Skin              |    16 |    13 |    87 |   178 |   343 |   543 |   401 |   362 |   569 ||  2512
Dodge: Dodged            |    27 |    46 |   202 |   314 |   592 |   853 |   569 |   426 |   758 ||  3787
Block: Buckler           |       |       |       |    69 |   135 |   190 |   182 |   181 |       ||   757
       Kite shield       |       |       |       |       |       |       |       |    42 |   892 ||   934

Table legend: (Time is in decaauts)
 A = Elapsed time spent in this place.
 B = Non-inter-level travel time spent in this place.
 C = Inter-level travel time spent in this place.
 D = Time resting spent in this place.
 E = Time spent auto-exploring this place.
 F = Levels seen in this place.
 G = Mean time per level.
                   A        B        C        D        E       F      G
               +--------+--------+--------+--------+--------+-----+--------+
         Total | 115111 | 104624 |  10487 |  24265 |  58399 |  69 | 1668.3 |
       Dungeon |  24407 |  20720 |   3687 |   2848 |  14180 |  15 | 1627.1 |
        Temple |    213 |    166 |     47 |      0 |    150 |   1 |  213.0 |
          Lair |   9891 |   8528 |   1363 |    975 |   5337 |   6 | 1648.5 |
        Shoals |   7603 |   7389 |    214 |   1473 |   4949 |   4 | 1900.8 |
   Spider Nest |   6776 |   6192 |    584 |   1737 |   2947 |   4 | 1694.0 |
    Slime Pits |   5544 |   5277 |    267 |   2472 |   1857 |   5 | 1108.8 |
  Orcish Mines |   3022 |   2664 |    358 |    633 |   1423 |   2 | 1511.0 |
   Elven Halls |   7894 |   7180 |    714 |    934 |   4595 |   3 | 2631.3 |
        Vaults |  13767 |  13032 |    735 |   3982 |   6570 |   5 | 2753.4 |
         Crypt |   5551 |   5377 |    174 |    757 |   3390 |   3 | 1850.3 |
        Depths |  14055 |  12772 |   1283 |   4300 |   5983 |   4 | 3513.8 |
           Zot |  11443 |  10386 |   1057 |   3578 |   4940 |   5 | 2288.6 |
         Abyss |   2083 |   2083 |      0 |     55 |    764 |   7 |  297.6 |
   Pandemonium |    301 |    301 |      0 |     93 |     74 |   1 |  301.0 |
       Ossuary |    320 |    320 |      0 |      0 |    217 |   1 |  320.0 |
        Bailey |    340 |    340 |      0 |      0 |    235 |   1 |  340.0 |
      Ice Cave |   1093 |   1093 |      0 |    339 |    458 |   1 | 1093.0 |
      Gauntlet |    798 |    798 |      0 |     88 |    327 |   1 |  798.0 |
               +--------+--------+--------+--------+--------+-----+--------+

Top non-repeatable levels by time:
Vaults:4: 4845 daAuts
Depths:1: 4166 daAuts
Depths:2: 3955 daAuts
Depths:3: 3707 daAuts
   Elf:2: 3453 daAuts
   Zot:2: 3168 daAuts
  Lair:6: 2893 daAuts
Vaults:3: 2755 daAuts
Spider:3: 2668 daAuts
Shoals:2: 2667 daAuts
   Zot:1: 2653 daAuts
Vaults:2: 2580 daAuts
     D:8: 2535 daAuts
   Zot:3: 2444 daAuts
   Orc:2: 2422 daAuts
